 Dungeon Crawl Stone Soup version 0.16-a0-1183-g5b05a17 (webtiles) character file.

9849 Kashira the Cleaver (level 11, 0/90 HPs)
             Began as a Vine Stalker Berserker on Oct 10, 2014.
             Was a High Priest of Trog.
             Slain by a komodo dragon (26 damage)
             ... on level 2 of the Lair of Beasts.
             The game lasted 00:45:33 (7543 turns).

Kashira the Cleaver (Vine Stalker Berserker)        Turns: 7543, Time: 00:45:33

Health: 0/90       AC:  7    Str: 28    XL:     11   Next: 52%
Magic:  0/8        EV: 16    Int:  7    God:    Trog [*****.]
Gold:   317        SH:  0    Dex: 14    Spells: 0 memorised, 10 levels left

rFire  . . .     SeeInvis .     M - +4 war axe (antimagic)
rCold  . . .     Clarity  .     n - +0 leather armour
rNeg   . . .     SustAb   .     (no shield)
rPois  +         Gourm    .     (no helmet)
rElec  .         Spirit   +     (no cloak)
rCorr  .         Warding  .     F - +0 pair of gloves
rMut   .         Stasis   .     p - +2 pair of boots {run}
MR     +....                    (no amulet)
Stlth  ..........               t - ring of magical power
                                y - ring of poison resistance

@: berserking, very quick, somewhat resistant to hostile enchantments, extremely
unstealthy
A: fangs 3, regeneration 2, magic shield, antimagic bite, no device heal 3, rot
immunity
a: Burn Spellbooks, Berserk, Trog's Hand, Brothers in Arms, Renounce Religion


You were on level 2 of the Lair of Beasts.
You worshipped Trog.
Trog was extremely pleased with you.
You were not hungry.

You visited 2 branches of the dungeon, and saw 11 of its levels.
You also visited: Sewer and Ossuary.

You collected 425 gold pieces.
You spent 108 gold pieces at shops.

Inventory:

Hand weapons
 M - a +4 antimagic war axe (weapon)
Missiles
 u - 2 throwing nets
 Q - 7 tomahawks (quivered)
Armour
 n - a +0 leather armour (worn)
 p - a +2 pair of boots of running (worn)
 F - a +0 pair of gloves (worn)
Magical devices
 H - a wand of enslavement (5)
 L - a wand of confusion (34)
Comestibles
 a - 26 fruits
 b - 2 royal jellies
 c - 8 bread rations
 G - a meat ration
Scrolls
 g - 3 scrolls of teleportation
 i - a scroll of remove curse
 j - 5 scrolls of fear
 l - 2 scrolls of enchant weapon
 o - 2 scrolls of amnesia
 s - a scroll of enchant armour
 v - a scroll of fog
 w - a scroll of noise {unknown}
 C - 2 scrolls of random uselessness {unknown}
 J - a scroll of summoning {unknown}
 K - a scroll of vulnerability {unknown}
 O - a scroll of blinking {unknown}
Jewellery
 d - an uncursed ring of ice {unknown}
 t - a ring of magical power (right hand)
 y - a ring of poison resistance (left hand)
Potions
 e - a potion of lignification
 f - 5 potions of restore abilities
 h - 2 potions of magic {unknown}
 k - 3 potions of cancellation
 m - 6 potions of agility
 q - 7 potions of curing
 r - a potion of mutation {unknown}
 x - a potion of porridge
 z - 2 potions of cure mutation
 A - 4 potions of might
 B - 4 potions of brilliance
 D - a potion of poison {unknown}
 E - 3 potions of invisibility
Books
 I - a book of Necromancy

   Spells                             Type                      Level
   Pain                               Necromancy                   1
   Animate Skeleton                   Necromancy                   1
   Vampiric Draining                  Necromancy                   3
   Regeneration                       Charms/Necromancy            3
   Animate Dead                       Necromancy                   4
   Control Undead                     Necromancy                   4
   Trog disapproves of the use of such an item.
Rods
 N - a +0 rod of clouds (11/11)
   (You found it on level 9 of the Dungeon)


   Skills:
 + Level 8.9 Fighting
 + Level 9.9 Axes
 + Level 4.3 Armour
 + Level 8.7 Dodging
 + Level 0.6 Evocations


You had 10 spell levels left.
You didn't know any spells.

Dungeon Overview and Level Annotations

Branches:
Dungeon (9/15)             Temple (0/1) D:4            Lair (2/8) D:9
    Orc: D:9-12

Altars:
Ashenzari
Fedhas
Kikubaaqudgha
Makhleb
Nemelex Xobeh
Okawaru
Yredelemnul
Zin
The Shining One

Shops:
D:4 [   D:9 %


Innate Abilities, Weirdness & Mutations

You have razor-sharp teeth.
You heal very quickly.
When hurt, damage is shared between your health and your magic reserves.
Your bite disrupts and absorbs the magic of your enemies.
Potions and wands cannot restore your health.
You are immune to rotting.


Message History

You hit the plant but do no damage.
The plant is moderately damaged.
The komodo dragon bites you.
You hit the komodo dragon but do no damage.
You bite the komodo dragon, but do no damage.
The komodo dragon is severely wounded.
You hit the plant.
The plant is heavily damaged.
The komodo dragon closely misses you.
You closely miss the komodo dragon.
The komodo dragon is severely wounded.
You slash the plant!
The plant is severely damaged.
The komodo dragon bites you!
* * * LOW HITPOINT WARNING * * *
Use which ability? (? or * to list)
A red film seems to cover your vision as you go berserk!
You feel yourself moving faster!
You feel mighty!
You feel quite a bit more hungry. The komodo dragon bites you!!
You die...

####..###.....#.
##.....##....#...
#......###...#...
##......##...#... #
##............... .##.
#...#...#........ #....
###.#..####.......
#....#P#.##....P.......
#...l@................
.........................
##P.##.#P#.####P#.##P.PP
## ####### #####.## ## #


You could see a komodo dragon.

Vanquished Creatures
  Erolcha (D:8)
  A hill giant (D:9)
  Joseph (D:9)
  A cyclops (D:7)
  A spiny frog (Lair:1)
  A komodo dragon (Lair:1)
  Grinder (D:5)
  A troll (D:9)
  Prince Ribbit (D:8)
  A wyvern (D:8)
  10 yaks (D:9)
  A hippogriff (Lair:1)
  A steam dragon (D:7)
  Edmund (D:6)
  3 porcupines (Lair:1)
  4 water moccasins (Lair:1)
  2 yellow wasps
  A black bear (D:6)
  4 ice beasts
  3 ogres
  An orc warrior (D:9)
  A necrophage (D:7)
  A sky beast (D:7)
  Sigmund (D:5)
  An elf zombie (Ossuary)
  A centaur (D:6)
  3 big kobolds
  A crocodile (Lair:1)
  3 giant frogs
  An oklob sapling (D:8)
  4 wights (D:8)
  4 wandering mushrooms
  A crimson imp (D:6)
  2 troll skeletons
  2 centaur zombies (Ossuary)
  2 goliath beetles
  A human zombie (Ossuary)
  A black bear zombie (D:6)
  7 iguanas
  An orc priest (D:9)
  8 hounds
  4 jellies
  6 orc wizards
  A gnoll shaman (D:4)
  2 giant frog skeletons (D:4)
  6 worker ants
  A big kobold zombie (Ossuary)
  Ijyb (D:6)
  An ogre skeleton (D:7)
  3 mummies
  9 adders
  11 gnolls
  A shadow imp (D:9)
  A giant mite (D:4)
  4 green rats
  3 worms
  2 adder zombies (Ossuary)
  An iguana zombie (D:6)
  5 giant geckos
  2 oozes
  20 orcs
  3 ball pythons
  2 giant cockroaches
  12 goblins
  10 hobgoblins
  7 jackals
  21 kobolds
  15 bats
  A giant cockroach zombie (D:5)
  5 giant newts
  A giant spore (D:6)
  2 goblin zombies
  11 hobgoblin zombies
  10 kobold zombies (Ossuary)
  An orc skeleton (D:7)
  8 orc zombies
  3 quokkas
  18 rats
  A rat skeleton (D:5)
  2 rat zombies (Ossuary)
  3 ballistomycetes (D:6)
  2 fungi
309 creatures vanquished.

Vanquished Creatures (collateral kills)
  Harold (Lair:2)
  A wandering mushroom (D:8)
  An oklob sapling (D:8)
  4 green rats (Lair:2)
7 creatures vanquished.

Vanquished Creatures (others)
  A giant spore (D:6)
1 creature vanquished.

Grand Total: 317 creatures vanquished

Notes
Turn   | Place    | Note
--------------------------------------------------------------
     0 | D:1      | Kashira, the Vine Stalker Berserker, began the quest for the Orb.
     0 | D:1      | Reached XP level 1. HP: 11/11 MP: 1/1
   172 | D:1      | Reached XP level 2. HP: 14/16 MP: 3/3
   347 | D:1      | Reached skill level 3 in Axes
   420 | D:1      | Acquired Trog's second power
   754 | D:1      | Reached XP level 3. HP: 20/20 MP: 4/4
  1456 | D:3      | Reached XP level 4. HP: 24/24 MP: 5/5
  1832 | D:3      | Reached XP level 5. HP: 11/28 MP: 7/7
  2210 | D:4      | Found a staircase to the Ecumenical Temple.
  2249 | D:4      | Noticed an ice beast
  2271 | D:4      | Gained mutation: You heal very quickly. [vine stalker growth]
  2271 | D:4      | Reached XP level 6. HP: 11/33 MP: 3/8
  2280 | D:4      | Killed an ice beast
  2280 | D:4      | Reached skill level 4 in Fighting
  2331 | D:4      | Found a glowing drain.
  2338 | Sewer    | Entered a sewer
  2411 | Sewer    | Acquired Trog's third power
  2430 | Sewer    | Found a glowing silver altar of Zin.
  2518 | D:4      | Reached XP level 7. HP: 35/37 MP: 9/9
  2723 | D:4      | Found Smuawn's Antique Armour Shop.
  2730 | D:4      | Bought a pair of glowing boots for 108 gold pieces
  2741 | D:4      | Identified a +1 pair of boots of running (You bought it in a shop on level 4 of the Dungeon)
  2855 | D:5      | Entered Level 5 of the Dungeon
  2880 | D:5      | Noticed Grinder
  2898 | D:5      | Killed Grinder
  2898 | D:5      | Reached skill level 5 in Fighting
  2898 | D:5      | Gained mutation: You have razor-sharp teeth. [vine stalker growth]
  2898 | D:5      | Reached XP level 8. HP: 43/43 MP: 11/11
  3019 | D:5      | Noticed Sigmund
  3052 | D:5      | Killed Sigmund
  3145 | D:5      | Reached skill level 5 in Axes
  3374 | D:5      | Found a glowing silver altar of Zin.
  3514 | D:6      | Reached skill level 5 in Dodging
  3685 | D:6      | Found a glowing golden altar of the Shining One.
  3802 | D:6      | Noticed Ijyb
  3809 | D:6      | Killed Ijyb
  4015 | D:6      | Noticed Edmund
  4035 | D:6      | Killed Edmund
  4035 | D:6      | Reached XP level 9. HP: 38/48 MP: 12/12
  4206 | D:6      | You fall through a shaft for 3 floors!
  4206 | D:9      | Found a burning altar of Makhleb.
  4206 | D:9      | Found an ancient bone altar of Kikubaaqudgha.
  4206 | D:9      | Found a basalt altar of Yredelemnul.
  4206 | D:9      | Found an iron altar of Okawaru.
  4223 | D:9      | Reached skill level 6 in Fighting
  4333 | D:8      | Noticed Erolcha
  4363 | D:8      | Killed Erolcha
  4661 | D:8      | Found a sand-covered staircase.
  4672 | Ossuary  | Entered an ossuary
  4724 | Ossuary  | Reached skill level 7 in Axes
  4879 | D:8      | Reached XP level 10. HP: 50/53 MP: 13/13
  5133 | D:7      | Noticed a cyclops
  5185 | D:7      | Killed a cyclops
  5694 | D:8      | Noticed Prince Ribbit
  5700 | D:8      | Killed Prince Ribbit
  5700 | D:8      | Reached skill level 8 in Axes
  5903 | D:8      | Noticed a wandering mushroom
  5916 | D:8      | Killed a wandering mushroom
  5921 | D:8      | Noticed a wandering mushroom
  5932 | D:8      | Killed a wandering mushroom
  5959 | D:8      | Found a blossoming altar of Fedhas.
  5959 | D:8      | Noticed a wandering mushroom
  5959 | D:8      | Noticed a wandering mushroom
  5972 | D:8      | Killed a wandering mushroom
  6025 | D:8      | Killed a wandering mushroom
  6127 | D:9      | Found Opiaj's Food Boutique.
  6127 | D:9      | Noticed Joseph
  6133 | D:9      | Killed Joseph
  6200 | D:9      | Received a gift from Trog
  6241 | D:9      | Found a staircase to the Lair.
  6246 | D:9      | Noticed a wandering mushroom
  6314 | D:9      | Killed a wandering mushroom
  6364 | D:9      | Reached XP level 11. HP: 55/60 MP: 8/16
  6382 | D:9      | Identified a +0 rod of clouds (11/11) (You found it on level 9 of the Dungeon)
  6605 | D:9      | Noticed a hill giant
  6612 | D:9      | Killed a hill giant
  6612 | D:9      | Reached skill level 9 in Axes
  6821 | D:9      | Found a shattered altar of Ashenzari.
  6823 | D:9      | Found a glowing silver altar of Zin.
  6827 | D:9      | Found a sparkling altar of Nemelex Xobeh.
  6951 | Lair:1   | Entered Level 1 of the Lair of Beasts
  7360 | Lair:2   | Noticed Harold
  7371 | Lair:2   | Killed Harold
  7543 | Lair:2   | Slain by a komodo dragon

Action                   |  1- 3 |  4- 6 |  7- 9 | 10-12 || total
-------------------------+-------+-------+-------+-------++-------
Melee: Hand axe          |    91 |   141 |   319 |       ||   551
       Battleaxe         |       |       |    91 |   121 ||   212
       War axe           |       |       |       |   148 ||   148
Invok: Berserk           |     1 |     4 |     8 |     6 ||    19
       Trog's Hand       |       |     1 |       |     1 ||     2
       Brothers in Arms  |       |       |       |     1 ||     1
Evoke: Wand              |       |       |       |     4 ||     4
  Use: Scroll            |       |     5 |     9 |     6 ||    20
  Eat: Chunk             |     2 |     3 |     3 |     7 ||    15
       Meat ration       |       |     1 |     2 |     1 ||     4
       Beef jerky        |       |     1 |     1 |       ||     2
       Bread ration      |       |       |       |     1 ||     1
